 Dungeon Crawl Stone Soup version 0.22-a0-423-g4197694 (webtiles) character file.

27 Kairos the Sneak (level 3, 0/18 HPs)
             Began as a Vine Stalker Assassin on May 23, 2018.
             Succumbed to an adder's poison
             ... on level 1 of the Dungeon.
             The game lasted 00:01:47 (1346 turns).

Kairos the Sneak (Vine Stalker Assassin)            Turns: 1346, Time: 00:01:48

Health: 0/18       AC:  5    Str: 14    XL:     3   Next: 10%
Magic:  2/4        EV: 11    Int: 11    God:
Gold:   45         SH:  0    Dex: 15    Spells: 2/2 levels left

rFire    . . .     SeeInvis .   h - +0 whip
rCold    . . .     Gourm    .   (no shield)
rNeg     . . .     Faith    .   c - +0 robe
rPois    .         Spirit   +   n - +0 helmet
rElec    .         Reflect  .   d - +0 cloak
rCorr    .         Harm     .   l - +0 pair of gloves
MR       .....                  (no boots)
Stlth    +++.......             (no amulet)
HPRegen  0.06/turn              (no ring)
MPRegen  0.09/turn              (no ring)

@: lethally poisoned (0 -> -11)
A: fangs 2, magic shield, antimagic bite, no potion heal 3, rot immunity
a: no special abilities


You were on level 1 of the Dungeon.
You were not hungry.

You visited 1 branch of the dungeon, and saw 2 of its levels.

You collected 45 gold pieces.

Inventory:

Hand Weapons
 a - a +2 dagger
 b - a +0 blowgun
 h - a +0 whip (weapon)
Missiles
 e - 8 poisoned needles
 f - 2 curare-tipped needles
Armour
 c - a +0 robe (worn)
 d - a +0 cloak (worn)
 l - a +0 pair of gloves (worn)
 n - a +0 helmet (worn)
Scrolls
 k - a scroll of remove curse
 o - a scroll of teleportation {unknown}
Comestibles
 g - 2 rations


   Skills:
 + Level 1.9 Fighting
 + Level 1.9 Short Blades
 + Level 0.4 Maces & Flails
 + Level 1.9 Throwing
 + Level 0.8 Dodging
 + Level 5.7 Stealth


You had 2 spell levels left.
You didn't know any spells.
Your spell library was empty.

Dungeon Overview and Level Annotations

Branches:
Dungeon (2/15)

Altars:


Innate Abilities, Weirdness & Mutations

You have extremely sharp teeth.
When hurt, damage is shared between your health and your magic reserves.
Your bite disrupts and absorbs the magic of your enemies.
Potions cannot restore your health.
You are immune to rotting.


Message History

The adder barely misses you.
You miss the adder.
The adder is heavily wounded.
The adder bites you but does no damage. The adder bites you.
* * * LOW HITPOINT WARNING * * *
You are lethally poisoned!
The adder poisons you!
You closely miss the adder. You bite the adder. You drain its power.
You feel invigorated.
The adder is almost dead.
* * * LOW HITPOINT WARNING * * *
You feel sick. The adder bites you.
* * * LOW HITPOINT WARNING * * *
You are more poisoned.
The adder poisons you!
Unknown command.
Unknown command.
You hit the adder.
The adder is almost dead.
You die...

## #.##.###..##.# #.# #........ #
#.##.###..##.####.###....#.## #
#.##.........................
#####.##..##...#.####.###....#.##
##.............#.# #.# #....#.##
.#######...#.....####.# #....#.##
.....'.#.....##..##...# #....#.##
.#####...........####.###....#.##
########.....##S@................
#................................
#.#........#.####.#.#######...(..
#.#.######.#.# #.#.# ##.####
#.#.######.#.# #.#.# #.....
.............####.#.##### #.####
........................# #.....
.......###..#####.#.###.####.####
###.##.# #..##...................


You could see an adder.

Vanquished Creatures
  3 dart slugs (D:1)
  4 bats
  2 goblins (D:1)
  2 hobgoblins (D:1)
  3 jackals (D:1)
  A frilled lizard (D:2)
  2 kobolds (D:1)
  4 rats
21 creatures vanquished.

Notes
Turn   | Place    | Note
-------+----------+-------------------------------------------
     0 | D:1      | Kairos the Vine Stalker Assassin began the quest for the Orb.
     0 | D:1      | Reached XP level 1. HP: 11/11 MP: 2/2
    46 | D:1      | Reached skill level 5 in Stealth
   497 | D:1      | Reached XP level 2. HP: 15/15 MP: 3/3
   920 | D:1      | Reached XP level 3. HP: 9/18 MP: 2/4
  1346 | D:1      | Succumbed to an adder's poison

Vault maps used:
D:1:      mrwooster_arrival_arrow
D:2:      minmay_wonky_spiral

Skill      XL: |  1 |
---------------+----+-----
Stealth        | 5 |  5.7
Fighting       | |  1.9
Short Blades   | |  1.9
Maces & Flails | |  0.4
Throwing       | |  1.9
Dodging        | |  0.8

Action                   || total
-------------------------++-------
Melee: Whip              ||    72
       Bite              ||    19
  Use: Potion            ||     2
       Scroll            ||     1
 Stab: Sleeping          ||     6
  Eat: Chunk             ||     1
Armor: Robe              ||    40
Dodge: Dodged            ||    52

Table legend:
 A = Spawn XP
 B = Non-spawn XP
 C = Spawn XP percentage of total XP
 D = Spawn monster count
 E = Non-spawn monster count
 F = Spawn count percentage of total count
 G = Total turns spent on level
                    A         B        C        D         E        F      G
               +---------+---------+-------+---------+---------+-------+---------
         Total |       0 |      39 |   0.0 |       0 |      21 |   0.0 |  1346
               +---------+---------+-------+---------+---------+-------+---------
           D:1 |       0 |      35 |   0.0 |       0 |      18 |   0.0 |  1261
           D:2 |       0 |       4 |   0.0 |       0 |       3 |   0.0 |    85
               +---------+---------+-------+---------+---------+-------+---------
